AoeStats
← Cinnamoroll

African Clearing

506307638Analyzed
4v4 RM · 19d ago on Sep 13, 2026· 41m 41s· 8 players
Game mode
Random Map
Map size
Large (8 player)
Population
200
Speed
Normal
Resources
Standard
Victory
Conquest
Starting age
Dark Age
Ending age
Imperial Age
RankedLock teamsTeams togetherTeam positionsShared explorationLock speedFull tech treeHidden civsTurbo modeCheats
Victory
Defeat
🇪🇨 Huns · Ecuador
1726
+12
🇲🇽 Vietnamese · Mexico
1657
+15
🇦🇷 Huns · Argentina
1635
+16
🇧🇷 Berbers · Brazil
1617
+16
🇵🇪 Mapuche · Peru
1789
-21
🇺🇸 Mongols · United States
1622
-14
🇨🇦 Spanish · Canada
1602
-14
🇨🇦 Maya · Canada
1514
-10
[KT]MonkeY
5:30 Loom
12:25 Feudal Age
18:40 Castle Age
16:50 Town Watch
17:18 Double-Bit Axe
20:12 Wheelbarrow
28:28 Fletching
33:51 Horse Collar
35:15 Bow Saw
39:13 Imperial Age
37:05 Bodkin Arrow
37:10 Padded Archer Armor
38:30 Hand Cart
38:54 Ballistics
39:15 Leather Archer Armor
39:57 Bracer
40:59 Chemistry
40:54 Paper Money
42:09 Ring Archer Armor
41:23 Treadmill Crane
41:29 Elite Rattan Archer
Eärnur
12:01 Feudal Age
10:31 Loom
12:56 Double-Bit Axe
19:04 Castle Age
17:28 Fletching
20:56 Bodkin Arrow
21:30 Horse Collar
25:28 Bow Saw
26:32 Padded Archer Armor
26:18 Town Watch
27:10 Wheelbarrow
26:46 Gold Mining
27:25 Stone Mining
28:09 Town Watch
36:22 Imperial Age
34:55 Hand Cart
34:45 Heavy Plow
34:54 Scale Barding Armor
35:07 Bloodlines
34:59 Husbandry
35:28 Marauders
36:05 Chain Barding Armor
35:56 Forging
38:12 Plate Barding Armor
39:06 Iron Casting
39:33 Chemistry
39:30 Ballistics
40:05 Guilds
41:35 Gold Shaft Mining
42:01 Conscription
Sung Jinwoo
6:45 Loom
14:13 Feudal Age
18:12 Castle Age
18:19 Fletching
19:58 Double-Bit Axe
22:00 Padded Archer Armor
22:08 Bodkin Arrow
26:01 Padded Archer Armor
31:37 Wheelbarrow
36:19 Husbandry
36:47 Ballistics
38:38 Ballistics
DS_The Answer
8:29 Loom
11:30 Feudal Age
12:03 Double-Bit Axe
20:14 Castle Age
19:11 Fletching
19:47 Gold Mining
21:08 Bow Saw
21:15 Bodkin Arrow
24:29 Padded Archer Armor
27:21 Ballistics
27:08 Husbandry
28:08 Bloodlines
29:12 Horse Collar
32:51 Wheelbarrow
32:02 Town Watch
37:18 Heavy Plow
40:12 Imperial Age
38:27 Leather Archer Armor
40:52 Thumb Ring
41:23 Bracer
小三輪司機
12:51 Feudal Age
13:54 Loom
19:16 Castle Age
18:07 Fletching
18:27 Double-Bit Axe
29:16 Gold Mining
36:30 Wheelbarrow
35:58 Horse Collar
37:30 Town Watch
Cinnamoroll
11:40 Feudal Age
11:45 Man-at-Arms
12:28 Double-Bit Axe
13:23 Loom
19:15 Wheelbarrow
22:05 Castle Age
22:56 Bow Saw
22:39 Horse Collar
25:32 Sanctity
25:24 Husbandry
26:27 Heavy Plow
26:48 Fervor
27:49 Scale Barding Armor
28:36 Bloodlines
30:41 Redemption
32:10 Gold Mining
35:28 Town Watch
39:06 Fletching
Eat_Rice
12:59 Feudal Age
11:15 Loom
14:15 Double-Bit Axe
16:56 Castle Age
15:07 Gold Mining
15:50 Fletching
18:50 Bow Saw
19:46 Ballistics
20:29 Gold Shaft Mining
20:55 Bodkin Arrow
29:35 Husbandry
30:26 Wheelbarrow
31:40 Stone Mining
32:06 Bloodlines
32:52 Horse Collar
38:01 Stone Shaft Mining
40:53 Imperial Age
41:01 Elite Mangudai
noru
12:43 Feudal Age
13:02 Loom
14:07 Loom
14:18 Loom
17:07 Castle Age
15:22 Double-Bit Axe
15:19 Horse Collar
18:29 Bow Saw
20:40 Town Watch
23:59 Fletching
26:17 Stone Mining
26:27 Heavy Plow
26:17 Stone Mining
26:27 Heavy Plow
27:58 Wheelbarrow
28:42 Gold Mining
29:45 Stone Shaft Mining
33:43 Ballistics
33:20 Bodkin Arrow
35:00 Hand Cart
40:54 Imperial Age
37:52 Pikeman
38:33 Scale Mail Armor
38:43 Forging
Connection lost

Rejoining the realm…

Still unreachable

The connection could not be restored.

Session expired

The server has moved on; the page needs a fresh start.